TOP OF THE 1ST |
So Cal Bruins batting - Pitching for Seattle Pikes : RHP Luis Torres
|
Pitching: RHP Luis Torres
|
|
Batting: LHB Brent Alonzo
|
0-0: Ball 1-0: Swinging Strike 1-1: Swinging Strike 1-2: Ball 2-2: Foul Ball, location: 2F 2-2: Strikes out swinging
|
Batting: SHB Martín De Jesús
|
0-0: Called Strike 0-1: Foul Ball, location: 2F 0-2: Fly out, F7 (Line Drive, 7)
|
Batting: LHB José Antonio Santiago
|
0-0: Called Strike 0-1: Called Strike 0-2: Ball 1-2: Ball 2-2: Foul Ball, location: 2F 2-2: Ball 3-2: Foul Ball, location: 2F 3-2: Fly out, F8 (Flyball, 8RM)
|
Top of the 1st over - 0 runs, 0 hits, 0 errors, 0 left on base; So Cal 0 - Seattle 0 |
BOTTOM OF THE 1ST |
Seattle Pikes batting - Pitching for So Cal Bruins : RHP Juan González
|
Pitching: RHP Juan González
|
|
Batting: RHB Pete Rideout
|
0-0: Called Strike 0-1: Foul Ball, location: 2F 0-2: Ball 1-2: Ball 2-2: Ball 3-2: Foul Ball, location: 2F 3-2: Strikes out swinging
|
Batting: LHB Roberto Lozano
|
0-0: Ball 1-0: Swinging Strike 1-1: Ball 2-1: Foul Ball, location: 2F 2-2: Ground out U3 (Groundball, 3L)
|
Batting: LHB Richard Hunter
|
0-0: Fly out, F8 (Flyball, 8LD)
|
Bottom of the 1st over - 0 runs, 0 hits, 0 errors, 0 left on base; So Cal 0 - Seattle 0 |
TOP OF THE 2ND |
So Cal Bruins batting - Pitching for Seattle Pikes : RHP Luis Torres
|
Batting: RHB Earl Wiggins
|
0-0: Ball 1-0: Foul Ball, location: 2F 1-1: Called Strike 1-2: Ground out 6-3 (Groundball, 56)
|
Batting: RHB Rubén Calderón
|
0-0: Called Strike 0-1: Ball 1-1: Fly out, F5 (Popup, 56)
|
Batting: LHB Bob Ware
|
0-0: Ball 1-0: Foul Ball, location: 2F 1-1: Foul Ball, location: 2F 1-2: Ball 2-2: Ball 3-2: Base on Balls
|
Batting: LHB Morgan Wright
|
0-0: Ball Bob Ware steals 2nd base 1-0: Ball 2-0: Fly out, F9 (Flyball, 9D)
|
Top of the 2nd over - 0 runs, 0 hits, 0 errors, 1 left on base; So Cal 0 - Seattle 0 |
BOTTOM OF THE 2ND |
Seattle Pikes batting - Pitching for So Cal Bruins : RHP Juan González
|
Batting: RHB Randy Sheppard
|
0-0: Called Strike 0-1: Fly out, F8 (Line Drive, 8LD)
|
Batting: SHB António Hernández
|
0-0: Ground out 6-3 (Groundball, 6)
|
Batting: RHB Anthony Rucker
|
0-0: Called Strike 0-1: Ball 1-1: Foul Ball, location: 2F 1-2: Ball 2-2: Ground out 6-3 (Groundball, 6)
|
Bottom of the 2nd over - 0 runs, 0 hits, 0 errors, 0 left on base; So Cal 0 - Seattle 0 |
TOP OF THE 3RD |
So Cal Bruins batting - Pitching for Seattle Pikes : RHP Luis Torres
|
Batting: LHB Clint Parkinson
|
0-0: Swinging Strike 0-1: Ball 1-1: Ball 2-1: Fly out, F6 (Line Drive, 6)
|
Batting: RHB Greg King
|
0-0: Foul Ball, location: 2F 0-1: Fly out, F9 (Flyball, 9)
|
Batting: LHB Brent Alonzo
|
0-0: Called Strike 0-1: Swinging Strike 0-2: Ball 1-2: SINGLE (Line Drive, 4MD)
|
Batting: SHB Martín De Jesús
|
0-0: Ball 1-0: Called Strike 1-1: Called Strike 1-2: Ball 2-2: Ball 3-2: Fly out, F8 (Flyball, 8LD)
|
Top of the 3rd over - 0 runs, 1 hit, 0 errors, 1 left on base; So Cal 0 - Seattle 0 |
BOTTOM OF THE 3RD |
Seattle Pikes batting - Pitching for So Cal Bruins : RHP Juan González
|
Batting: RHB Seiji Kouno
|
0-0: Called Strike 0-1: Called Strike 0-2: Ball 1-2: Foul Ball, location: 2F 1-2: Foul Ball, location: 2F 1-2: Strikes out swinging
|
Batting: SHB Richard Bowman
|
0-0: Ground out 4-3 (Groundball, 4MS)
|
Batting: LHB Javier Martínez
|
0-0: Ground out 4-3 (Groundball, 4)
|
Bottom of the 3rd over - 0 runs, 0 hits, 0 errors, 0 left on base; So Cal 0 - Seattle 0 |
TOP OF THE 4TH |
So Cal Bruins batting - Pitching for Seattle Pikes : RHP Luis Torres
|
Batting: LHB José Antonio Santiago
|
0-0: Called Strike 0-1: Fly out, F9 (Line Drive, 9)
|
Batting: RHB Earl Wiggins
|
0-0: Ball 1-0: Ball 2-0: Called Strike 2-1: Foul Ball, location: 2F 2-2: Foul Ball, location: 2F 2-2: Ball 3-2: Ground out 6-3 (Groundball, 6)
|
Batting: RHB Rubén Calderón
|
0-0: SINGLE (Groundball, 56S) (infield hit)
|
Batting: LHB Bob Ware
|
0-0: Ball 1-0: Ball 2-0: Foul Ball, location: 2F 2-1: Fly out, F8 (Flyball, 8RM)
|
Top of the 4th over - 0 runs, 1 hit, 0 errors, 1 left on base; So Cal 0 - Seattle 0 |
BOTTOM OF THE 4TH |
Seattle Pikes batting - Pitching for So Cal Bruins : RHP Juan González
|
Batting: RHB Pete Rideout
|
0-0: Swinging Strike 0-1: Ground out 5-3 (Groundball, 5)
|
Batting: LHB Roberto Lozano
|
0-0: Foul Ball, location: 2F 0-1: SINGLE (Groundball, 6M) (infield hit)
|
Batting: LHB Richard Hunter
|
0-0: Called Strike 0-1: Foul Ball, location: 2F 0-2: Ball 1-2: Ground out 4-3 (Groundball, 34D) Roberto Lozano to second
|
Batting: RHB Randy Sheppard
|
0-0: Foul Ball, location: 2F 0-1: Foul Ball, location: 2F 0-2: Ball 1-2: Strikes out swinging
|
Bottom of the 4th over - 0 runs, 1 hit, 0 errors, 1 left on base; So Cal 0 - Seattle 0 |
TOP OF THE 5TH |
So Cal Bruins batting - Pitching for Seattle Pikes : RHP Luis Torres
|
Batting: LHB Morgan Wright
|
0-0: Ball 1-0: Called Strike 1-1: Foul Ball, location: 2F 1-2: Ball 2-2: Foul Ball, location: 2F 2-2: Foul Ball, location: 2F 2-2: Strikes out swinging
|
Batting: LHB Clint Parkinson
|
0-0: Ball 1-0: Called Strike 1-1: Ball 2-1: Foul Ball, location: 2F 2-2: Ball 3-2: Strikes out swinging
|
Batting: RHB Greg King
|
0-0: Foul Ball, location: 2F 0-1: Ball 1-1: Ball 2-1: Foul Ball, location: 2F 2-2: Foul Ball, location: 2F 2-2: Ball 3-2: Foul Ball, location: 2F 3-2: DOUBLE (Groundball, 5L)
|
Batting: LHB Brent Alonzo
|
0-0: 2-RUN HOME RUN (Flyball, 9LD), Distance : 341 ft
|
Batting: SHB Martín De Jesús
|
0-0: Called Strike 0-1: Swinging Strike 0-2: Foul Ball, location: 2F 0-2: Ball 1-2: Ball 2-2: Strikes out swinging
|
Top of the 5th over - 2 runs, 2 hits, 0 errors, 0 left on base; So Cal 2 - Seattle 0 |
BOTTOM OF THE 5TH |
Seattle Pikes batting - Pitching for So Cal Bruins : RHP Juan González
|
Batting: SHB António Hernández
|
0-0: Ball 1-0: Foul Ball, location: 2F 1-1: Ball 2-1: Ball 3-1: Ground out 6-3 (Groundball, 6)
|
Batting: RHB Anthony Rucker
|
0-0: Called Strike 0-1: Ball 1-1: Called Strike 1-2: Ball 2-2: Foul Ball, location: 2F 2-2: DOUBLE (Line Drive, 78M)
|
Batting: RHB Seiji Kouno
|
0-0: Ball 1-0: Called Strike 1-1: Called Strike 1-2: Foul Ball, location: 2F 1-2: Foul Ball, location: 2F 1-2: Strikes out swinging
|
Batting: SHB Richard Bowman
|
0-0: Called Strike 0-1: Reached via error on a dropped throw, E1 Anthony Rucker to third
|
Batting: LHB Javier Martínez
|
0-0: Called Strike 0-1: Ball 1-1: Swinging Strike 1-2: Ground out U3 (Groundball, 3)
|
Bottom of the 5th over - 0 runs, 1 hit, 1 error, 2 left on base; So Cal 2 - Seattle 0 |
TOP OF THE 6TH |
So Cal Bruins batting - Pitching for Seattle Pikes : RHP Luis Torres
|
Pitching: RHP Mike Hodges
|
|
Batting: LHB José Antonio Santiago
|
0-0: Called Strike 0-1: Ball 1-1: Ground out U3 (Groundball, 3)
|
Batting: RHB Earl Wiggins
|
0-0: Foul Ball, location: 2F 0-1: Fly out, F4 (Popup, 34S)
|
Batting: RHB Rubén Calderón
|
0-0: Swinging Strike 0-1: Ball 1-1: Ball 2-1: Ball 3-1: Base on Balls
|
Batting: LHB Bob Ware
|
0-0: Ground out 1-3 (Groundball, 13)
|
Top of the 6th over - 0 runs, 0 hits, 0 errors, 1 left on base; So Cal 2 - Seattle 0 |
BOTTOM OF THE 6TH |
Seattle Pikes batting - Pitching for So Cal Bruins : RHP Juan González
|
Batting: RHB Pete Rideout
|
0-0: Fly out, F5 (Line Drive, 56)
|
Batting: LHB Roberto Lozano
|
0-0: Called Strike 0-1: Foul Ball, location: 2F 0-2: Ball 1-2: Strikes out looking
|
Batting: LHB Richard Hunter
|
0-0: Ball 1-0: Called Strike 1-1: Fly out, F7 (Flyball, 7S)
|
Bottom of the 6th over - 0 runs, 0 hits, 0 errors, 0 left on base; So Cal 2 - Seattle 0 |
TOP OF THE 7TH |
So Cal Bruins batting - Pitching for Seattle Pikes : RHP Mike Hodges
|
Pitching: LHP Rubén Rico
|
|
Batting: LHB Morgan Wright
|
0-0: Called Strike 0-1: Ball 1-1: Ball 2-1: Ball 3-1: Base on Balls
|
Batting: LHB Clint Parkinson
|
0-0: Ball 1-0: Ball 2-0: SINGLE (Groundball, 4D) Morgan Wright to second Runner from 2nd tries for 3rd, OUT!
|
Pitching: RHP Sixto García
|
|
Batting: RHB Greg King
|
0-0: Grounds into double play, 6-4-3 (Groundball, 6)
|
Top of the 7th over - 0 runs, 1 hit, 0 errors, 0 left on base; So Cal 2 - Seattle 0 |
BOTTOM OF THE 7TH |
Seattle Pikes batting - Pitching for So Cal Bruins : RHP Juan González
|
Batting: RHB Randy Sheppard
|
0-0: Called Strike 0-1: Ball 1-1: Ball 2-1: Foul Ball, location: 2F 2-2: DOUBLE (Line Drive, 9LS)
|
Batting: SHB António Hernández
|
0-0: Called Strike 0-1: Foul Ball, location: 2F 0-2: Ball 1-2: Strikes out looking
|
Batting: RHB Anthony Rucker
|
0-0: Swinging Strike 0-1: Fly out, F8 (Line Drive, 8RD) Runner from 2nd tags up, SAFE at 3rd with throw
|
Batting: RHB Seiji Kouno
|
0-0: Ball 1-0: Fly out, F9 (Flyball, 9S)
|
Bottom of the 7th over - 0 runs, 1 hit, 0 errors, 1 left on base; So Cal 2 - Seattle 0 |
TOP OF THE 8TH |
So Cal Bruins batting - Pitching for Seattle Pikes : RHP Sixto García
|
Batting: LHB Brent Alonzo
|
0-0: Foul Ball, location: 2F 0-1: Swinging Strike 0-2: Foul Ball, location: 2F 0-2: Strikes out looking
|
Batting: SHB Martín De Jesús
|
0-0: Called Strike 0-1: Ground out 4-3 (Groundball, 4S)
|
Batting: LHB José Antonio Santiago
|
0-0: Ball 1-0: Ball 2-0: Ball 3-0: Called Strike 3-1: Base on Balls
|
Batting: RHB Earl Wiggins
|
0-0: Called Strike 0-1: Ball 1-1: Ball 2-1: Ball 3-1: Base on Balls José Antonio Santiago to second
|
Batting: RHB Rubén Calderón
|
0-0: Swinging Strike 0-1: Swinging Strike 0-2: Foul Ball, location: 2F 0-2: Foul Ball, location: 2F 0-2: Ball 1-2: Strikes out looking and he ARGUES THE CALL AND IS TOSSED!
|
Top of the 8th over - 0 runs, 0 hits, 0 errors, 2 left on base; So Cal 2 - Seattle 0 |
BOTTOM OF THE 8TH |
Seattle Pikes batting - Pitching for So Cal Bruins : RHP Juan González
|
Batting: SHB Richard Bowman
|
0-0: SINGLE (Groundball, 3S) (infield hit)
|
Batting: LHB Javier Martínez
|
0-0: Swinging Strike 0-1: Swinging Strike 0-2: SINGLE (Groundball, 34S) (infield hit) Richard Bowman to second
|
Batting: RHB Pete Rideout
|
0-0: Bunted foul 0-1: Bunted foul 0-2: Ball 1-2: Ball 2-2: SINGLE (Line Drive, 7LS) Richard Bowman to third Javier Martínez to second Runner from 3rd tries for Home, SAFE, no throw
|
Pitching: RHP César Menéndez
|
|
Batting: LHB Roberto Lozano
|
0-0: Ball 1-0: Fielders Choice at 2nd, 5-4 (Groundball, 5) Javier Martínez to third
|
Batting: LHB Richard Hunter
|
0-0: Called Strike 0-1: Ball 1-1: Ball 2-1: Called Strike 2-2: Foul Ball, location: 2F 2-2: SINGLE (Flyball, 7LS) Javier Martínez scores Roberto Lozano to second Runner from 2nd tries for 3rd, SAFE, no throw
|
Batting: RHB Randy Sheppard
|
0-0: Called Strike 0-1: Fielders Choice at 2nd, 6-4 (Groundball, 56) Roberto Lozano scores
|
Batting: SHB António Hernández
|
0-0: Swinging Strike 0-1: Ball 1-1: Ball 2-1: Swinging Strike 2-2: Ball 3-2: Base on Balls Randy Sheppard to second
|
Pinch Hitting: LHB John Clark
|
0-0: Called Strike 0-1: Ball 1-1: SINGLE (Line Drive, 56D) Randy Sheppard to third António Hernández to second Runner from 3rd tries for Home, SAFE, no throw
|
Batting: RHB Seiji Kouno
|
0-0: Called Strike 0-1: Ball 1-1: Ball 2-1: Foul Ball, location: 2F 2-2: Ball 3-2: Base on Balls António Hernández to third John Clark to second
|
Batting: SHB Richard Bowman
|
0-0: Called Strike 0-1: Swinging Strike 0-2: Foul Ball, location: 2F 0-2: Ball 1-2: SINGLE (Groundball, 3D) António Hernández scores John Clark to third Seiji Kouno to second Runner from 3rd tries for Home, SAFE, no throw
|
Pitching: RHP Flint Gray
|
|
Batting: LHB Javier Martínez
|
0-0: Ball 1-0: Ball 2-0: Foul Ball, location: 2F 2-1: Ball 3-1: Swinging Strike 3-2: Ground out 4-3 (Groundball, 4)
|
Bottom of the 8th over - 6 runs, 6 hits, 0 errors, 2 left on base; So Cal 2 - Seattle 6 |
TOP OF THE 9TH |
So Cal Bruins batting - Pitching for Seattle Pikes : RHP Sixto García
|
Now at 1B: Murai Ishihara
|
|
Batting: LHB Bob Ware
|
0-0: Foul Ball, location: 2F 0-1: Foul Ball, location: 2F 0-2: Ball 1-2: Fly out, F6 (Popup, 6)
|
Batting: LHB Morgan Wright
|
0-0: Ball 1-0: Ball 2-0: Called Strike 2-1: Foul Ball, location: 2F 2-2: Foul Ball, location: 2F 2-2: Hit by Pitch
|
Batting: LHB Clint Parkinson
|
0-0: Called Strike 0-1: Ball 1-1: SINGLE (Groundball, 5D) Morgan Wright to second
|
Pitching: RHP Francisco Carrasco
|
|
Batting: RHB Greg King
|
0-0: Called Strike 0-1: Foul Ball, location: 2F 0-2: Ball 1-2: Ball 2-2: SINGLE (Groundball, 56D) Morgan Wright to third Clint Parkinson to second
|
Batting: LHB Brent Alonzo
|
0-0: Ball 1-0: Ball 2-0: Grounds into double play, 4-6-3 (Groundball, 4)
|
Top of the 9th over - 0 runs, 2 hits, 0 errors, 2 left on base; So Cal 2 - Seattle 6 |
|